[Event "Czech Open Rapid G1 2024"]
[Site "Pardubice"]
[Date "2024.07.17"]
[Round "1.1"]
[White "Eropunov, Gleb"]
[Black "Navara, David"]
[Result "0-1"]
[Annotator "TA"]
[ECO "B13"]
[WhiteElo "2190"]
[BlackElo "2682"]
[PlyCount "66"]
[EventDate "2024.07.16"]
[EventType "swiss"]
[EventCountry "CZE"]
[SourceTitle "playchess.com"]
[Source "ChessBase"]
[SourceQuality "1"]
[TimeControl "1200+10"]

1. e4 c6 2. d4 d5 3. exd5 cxd5 4. Bd3 Nf6 5. h3 Nc6 6. c3 e5 7. dxe5 Nxe5 8. Nf3 Nxd3+ 9. Qxd3 Bd6 10. O-O O-O {[%emt 0:00:15] The position is equal.} 11. Bg5 h6 12. Bh4 g5 13. Bg3 Nh5 14. Bxd6 Qxd6 15. Re1 Nf4 $36 {[%emt 0:00:49][%mdl 2048] Black has some pressure.} 16. Qd4 Bf5 {[%emt 0:00:40] Hoping for ...Rfe8.} 17. Nbd2 Rfe8 18. Nc4 Qa6 (18... Qd7 $5 19. Ne3 Bxh3 $11) 19. Ne3 Be4 20. Ng4 (20. Nd2 $11 {remains equal.}) 20... Re6 $17 21. Qd1 Nd3 {[%emt 0:04:28] Black is more active.} (21... Rae8 {feels hotter.} 22. Nd4 Bxg2 23. Nf6+ Rxf6 24. Rxe8+ Kg7) 22. Nd4 Nxb2 23. Qb3 (23. Qe2 $1 $11 Rb6 (23... Qxe2 24. Rxe2 Rb6 25. Nxh6+ Kf8 26. Ng4 $15) 24. Nxh6+ Rxh6 25. Qxb2) 23... Rb6 24. Nf6+ Kh8 (24... Rxf6 25. Qxb2 Rc8 26. Rad1 $17) 25. Nxe4 Rxb3 26. Nc5 $2 {[%emt 0:00:01] [#] A dynamic duo of knights. White does not recover from this.} (26. axb3 $17 Qb6 27. Ng3) 26... Qa3 $19 27. Ncxb3 Rc8 28. Nf5 (28. Re2 $142) 28... Nd3 ({Much less strong is} 28... Rxc3 29. Nxh6 Nd3 30. Red1 $19) 29. Re3 Rxc3 30. Rd1 (30. Nfd4 $142) 30... Qxa2 31. Rd2 Qxb3 32. Nxh6 d4 33. Nxf7+ Qxf7 {[%emt 0:00:02] Weighted Error Value: White=1.09/Black=0.08 (flawless) .  Loses game:     	White=1     	---        Mistake:       	White=4     	---        Inaccurate:     	White=3     	Black=3      OK:         	White=10    	Black=12     Best:        	White=2     	Black=3} 0-1

[Event "Czech Open Rapid G1 2024"]
[Site "Pardubice"]
[Date "2024.07.17"]
[Round "1.2"]
[White "Nisipeanu, Liviu-Dieter"]
[Black "Mojzis, Jaroslav"]
[Result "1-0"]
[Annotator "TA"]
[ECO "C65"]
[WhiteElo "2583"]
[BlackElo "2068"]
[PlyCount "49"]
[EventDate "2024.07.16"]
[EventType "swiss"]
[EventCountry "CZE"]
[SourceTitle "playchess.com"]
[Source "ChessBase"]
[SourceQuality "1"]
[TimeControl "1200+10"]

1. e4 e5 2. Nf3 Nc6 3. Bb5 Nf6 4. d3 Bc5 5. c3 d6 6. O-O O-O 7. h3 h6 8. Nbd2 Bb6 9. Re1 Ne7 {[%emt 0:00:12] The position is equal.} 10. d4 Ng6 11. Nf1 c6 12. Bd3 Qe7 13. Ng3 Nh7 14. Nf5 Bxf5 {[%emt 0:00:43] This costs Black the game.} ({Black should play} 14... Qd8 $14) 15. exf5 $18 Nh4 {[%emt 0:00:04] [#]} 16. Nh2 ({But not} 16. dxe5 $6 Nxf3+ 17. Qxf3 dxe5 $14) 16... Qf6 17. Ng4 Qd8 18. dxe5 dxe5 19. Nxe5 {[%emt 0:01:19] Qg4 is the strong threat.} Re8 20. Bf4 {[%emt 0:00:59] [#] Bc4 would now be deadly.} Nf6 21. Bc2 {[%emt 0:03:08] Hoping for Bg3.} Nd5 (21... Qxd1 $142 22. Raxd1 Rad8 23. Rxd8 Bxd8) 22. Bg3 Bc7 23. Qg4 Nxg2 (23... Bxe5 24. Rxe5 (24. Bxh4 Bf6 $16) 24... Rxe5) 24. Kxg2 Qf6 25. Nd7 {[%emt 0:00:38] Weighted Error Value: White=0.10 (very precise) /Black=0.57.  Loses game:     	---       	Black=1      Mistake:       	---       	Black=2      Inaccurate:     	White=1     	Black=1      OK:         	White=7     	Black=6      Best:        	White=1     	---} 1-0

[Event "Czech Open Rapid G1 2024"]
[Site "Pardubice"]
[Date "2024.07.17"]
[Round "1.3"]
[White "Kastner, Oldrich"]
[Black "Movsesian, Sergei"]
[Result "0-1"]
[Annotator "TA"]
[ECO "A48"]
[WhiteElo "2004"]
[BlackElo "2618"]
[PlyCount "82"]
[EventDate "2024.07.16"]
[EventType "swiss"]
[EventCountry "CZE"]
[SourceTitle "playchess.com"]
[Source "ChessBase"]
[SourceQuality "1"]
[TimeControl "1200+10"]

1. d4 Nf6 2. Nf3 g6 3. Bg5 Bg7 4. c3 O-O 5. Nbd2 d6 6. e4 c5 7. dxc5 dxc5 8. Be2 Nc6 9. O-O Qc7 10. Qc2 Nh5 11. Rfe1 h6 12. Bh4 (12. Be3 $142) 12... b6 {[%emt 0:00:05] Die Stellung ist ausgeglichen.} 13. Bf1 Bg4 14. Bg3 Nxg3 15. hxg3 Rad8 16. Nc4 Bc8 17. Ne3 e6 18. Rad1 Bb7 19. Ng4 Nb8 20. Bb5 a6 21. Bf1 Nd7 22. a4 c4 23. Nd4 h5 24. Ne3 Ne5 {[%emt 0:00:02][%cal Oe5d3] und nun wäre ...Nd3! stark für Schwarz.} 25. Qe2 $2 {[%emt 0:01:12] [#] Davon erholt Weiß sich nicht mehr.} (25. f4 $11 {und Weiss ist OK.}) 25... Nd3 $19 ({Nicht} 25... Bxe4 26. Nxc4 Nxc4 27. Qxc4 Qxc4 28. Bxc4 $15) 26. Nxc4 Nxe1 27. Qxe1 e5 28. Nf3 Rxd1 29. Qxd1 Bxe4 30. Qb3 Rb8 31. Ne3 {[%emt 0:00:34] Verhindert Bd5.} Bh6 {[%emt 0:00:13] Wehrt Ng5 ab} 32. Nd5 Qd6 33. Nb4 a5 34. Na6 (34. Nc2 {ist der einzige Weg für Weiss..}) 34... Rd8 35. Qb5 Bd5 36. Be2 (36. c4 $142 Bc6 37. Qxe5) 36... e4 37. Nd4 e3 {[%emt 0:00:14][%cal Oh5h4] ...h4! wäre nun fies.} 38. f4 {[%emt 0:00:36] [#]} h4 $1 39. gxh4 (39. Nb8 Qxb8) 39... Qxf4 {[%emt 0:00:26] Schwarz setzt Matt.} 40. Bf3 Bxf3 41. Nxf3 Rd1+ {[%emt 0:00:03] Gewichteter Fehlerwert: Weiß=0.77/Schwarz=0.09 (makellos) .  Verlustzug:     	Weiß=1     	---        Fehler:       	Weiß=3     	---        Ungenau:       	Weiß=2     	Schwarz=3     OK:         	Weiß=7     	Schwarz=16    Bester:       	---       	Schwarz=1} 0-1

[Event "Czech Open Rapid G1 2024"]
[Site "Pardubice"]
[Date "2024.07.17"]
[Round "1.4"]
[White "Stocek, Jiri"]
[Black "Dehmel, Jens"]
[Result "1-0"]
[Annotator "TA"]
[ECO "B10"]
[WhiteElo "2524"]
[BlackElo "1980"]
[PlyCount "31"]
[EventDate "2024.07.16"]
[EventType "swiss"]
[EventCountry "CZE"]
[SourceTitle "playchess.com"]
[Source "ChessBase"]
[SourceQuality "1"]
[TimeControl "1200+10"]

1. c4 c6 2. e4 d5 3. exd5 cxd5 4. cxd5 Nf6 5. Nc3 Nxd5 6. Nf3 g6 7. Qb3 Nxc3 8. Qxc3 f6 {[%emt 0:00:08] White is better.} 9. Bc4 {[%emt 0:00:12] Prevents Be6. White is more active.} e5 (9... Nc6 $16 {was necessary.}) 10. O-O $18 Nc6 11. d4 {[%emt 0:00:09] Against Bc5} Nxd4 {[%emt 0:01:19] [#]} (11... Qa5 12. Qb3 Qb6 13. dxe5 Qxb3 14. axb3 (14. Bxb3 Bg7 $18) 14... fxe5 15. Nxe5 Nxe5) 12. Nxd4 Qxd4 13. Qb3 Be7 14. Rd1 Qb6 15. Bf7+ Kf8 16. Bh6# {[%emt 0:00:02] White took control after the opening.   Weighted Error Value: White=0.02 (flawless) /Black=1.84.  Mistake:       	---       	Black=2      Inaccurate:     	---       	Black=1      OK:         	White=4     	Black=1} 1-0

[Event "Czech Open Rapid G1 2024"]
[Site "Pardubice"]
[Date "2024.07.17"]
[Round "1.5"]
[White "Dorokhina, Elizaveta"]
[Black "Pulpan, Jakub"]
[Result "0-1"]
[Annotator "TA"]
[ECO "E14"]
[WhiteElo "1962"]
[BlackElo "2383"]
[PlyCount "80"]
[EventDate "2024.07.16"]
[EventType "swiss"]
[EventCountry "CZE"]
[SourceTitle "playchess.com"]
[Source "ChessBase"]
[SourceQuality "1"]
[TimeControl "1200+10"]

1. d4 Nf6 2. Nf3 b6 3. c4 Bb7 4. e3 e6 5. Bd3 d5 6. b3 Bd6 7. O-O Nbd7 8. Bb2 a6 9. Nc3 O-O 10. Rc1 c5 11. cxd5 exd5 12. Ne2 Re8 {[%emt 0:00:10] The position is equal.} 13. Bb1 Rc8 14. dxc5 bxc5 15. Ng3 Bf8 16. h4 Qb6 17. Bf5 Rcd8 18. h5 g6 19. hxg6 hxg6 20. Bh3 Bd6 21. Ne2 Bb8 22. Nf4 $2 {[%emt 0:00:21] [#]} (22. b4 $11) 22... d4 $1 $17 23. Qc2 (23. Ng5 $17 {was worth a try.}) 23... Be4 $19 (23... dxe3 24. fxe3 Ne4 (24... Rxe3 25. Nxg6 Rde8 26. Bxd7 $15) 25. Bxd7 Rxd7 26. Rfd1 $17) 24. Qc4 (24. Qd1 $142) 24... Bxf4 25. exf4 Qd6 (25... Bxf3 $19 26. gxf3 Qd6) 26. Ne1 $2 ({Wrong is} 26. Ng5 $2 Bd5 (26... Qxf4 27. Qxf7+ Kh8 28. Nxe4 $14) 27. Qd3 Qxf4 $19) (26. Nxd4 $17 cxd4 27. Qxd4 Qxd4 (27... Qxf4 28. Bxd7 Rxd7 29. Qxf6 $16) 28. Bxd4) 26... Qxf4 27. Nd3 {[%emt 0:00:35] Wards off Ne5} (27. Rd1 $142) 27... Qd2 28. Rfd1 Qe2 (28... Bxd3 $19 29. Rxd2 Bxc4 30. bxc4 Ne5) 29. Ba3 $2 (29. Ne5 $1 $15 Qxc4 (29... Qxb2 30. Qxf7+ Kh8 31. Bxd7 $11) 30. Nxc4) 29... Qxa2 $2 (29... Qh5 $19 {And now ...g5 would win.} 30. Re1 Bxd3 31. Qxd3 Ne5) 30. Bxc5 (30. Bxd7 $17 {keeps fighting.} Nxd7 (30... Rxd7 31. Bxc5 Bd5 32. Qxd4 $15) 31. Ra1 Bxd3 32. Qxd3) 30... Bxd3 31. Qxd3 Nxc5 32. Rxc5 Rd6 (32... Ne4 $142 33. Rc2 Qa5) 33. Qf3 (33. Rc4 $17) 33... Kg7 (33... d3 $142 34. Rc6 Rxc6 35. Qxc6 Qxb3) 34. Rc7 Qe2 (34... Qa5 $19 35. Qb7 Re1+ 36. Rxe1 Qxe1+ 37. Kh2 Qe5+ (37... Qxf2 $2 38. Rxf7+ Kh6 39. Qe7 $19) 38. g3 Qd5 39. Qxd5 Nxd5) 35. Rd3 $2 (35. Qxe2 $17 {is a better chance.} Rxe2 36. Rc4) 35... Qxf3 36. gxf3 Nh5 {[%emt 0:00:18] [#] Threatens to win with ...Nf4.} 37. Rd2 (37. Rd7 $142 Rd8 38. Rxd8 Rxd8 39. Kh2) 37... Nf4 38. Bf1 Re1 39. Rc4 Rd5 {[%emt 0:00:04] ( -> ...Rg5+)} 40. Ra4 Rh5 {[%emt 0:00:13] Weighted Error Value: White=1.19/Black=0.52.  Loses game:     	White=4     	---        Missed win:     	---       	Black=2      Mistake:       	White=6     	Black=4      Inaccurate:     	White=3     	Black=5      OK:         	White=4     	Black=8      Best:        	---       	Black=3      Strong:       	---       	Black=1} 0-1

[Event "Czech Open Rapid G1 2024"]
[Site "Pardubice"]
[Date "2024.07.17"]
[Round "1.6"]
[White "Neuman, Petr"]
[Black "Laith, Kasib"]
[Result "1-0"]
[Annotator "TA"]
[ECO "C10"]
[WhiteElo "2441"]
[BlackElo "2075"]
[PlyCount "73"]
[EventDate "2024.07.16"]
[EventType "swiss"]
[EventCountry "CZE"]
[SourceTitle "playchess.com"]
[Source "ChessBase"]
[SourceQuality "1"]
[TimeControl "1200+10"]

1. d4 e6 2. e4 d5 3. Nd2 dxe4 4. Nxe4 Bd7 5. Nf3 Bc6 6. Bd3 Nd7 7. Qe2 Bxe4 8. Bxe4 c6 9. Bd2 Ngf6 {[%emt 0:00:10] White is slightly better.} 10. Bd3 Be7 (10... Bd6 $14 {is superior.}) 11. O-O-O Qc7 12. Kb1 O-O 13. Ne5 Rad8 14. Bf4 {[%emt 0:03:03] White has more active pieces.} (14. h4 $14) 14... Nd5 $11 15. Bg3 {[%emt 0:00:27] A strong pair of Bishops.} Qb6 16. Ka1 $1 Nb4 17. Bc4 $40 {[%emt 0:00:47][%cal Oe5f7][%mdl 128] White mounts an attack.} Nf6 18. c3 Nbd5 19. Nd3 Qa5 20. Bb3 b5 21. h4 Rfe8 22. h5 h6 23. f4 Qb6 24. Bf2 a5 25. Bc2 (25. g4 $16) 25... Bd6 (25... a4 $1 $11) 26. Qf3 $16 {[%emt 0:00:04] aiming for g4.} Qc7 27. Ne5 {[%emt 0:00:04] Strongly threatening g4.} c5 {[%emt 0:02:54] [#] A mistake that costs the game.} (27... Nh7 $16 {was called for.}) 28. g4 $1 $18 {[%emt 0:00:03] Rdg1 would now be deadly.} cxd4 (28... Nh7 $142 29. dxc5 Bxe5) 29. Bxd4 b4 30. c4 Bc5 {[%emt 0:00:51] Black is weak on the light squares} (30... Bxe5 $142 31. fxe5 Nh7) 31. Bxc5 {[%emt 0:00:18] White is clearly winning.} (31. cxd5 Bxd4 32. Rxd4 (32. Nc6 Rxd5 33. Nxd4 Rxd4 $16) 32... Qxc2 $18) 31... Qxc5 32. Ba4 ({Not} 32. g5 Ne3 $18) 32... Nb6 (32... Nc7 $142 33. Bxe8 Rxd1+ 34. Rxd1 Nfxe8) 33. Bxe8 Rxe8 34. Qd3 {[%emt 0:01:32] [#] Threatens to win with g5.} a4 35. Qd4 Qa5 (35... Qxd4 $142 36. Rxd4 b3) 36. g5 Nh7 37. gxh6 {[%emt 0:00:13] Weighted Error Value: White=0.41/Black=0.41.  Mistake:       	White=2     	Black=7      Inaccurate:     	White=3     	Black=6      OK:         	White=10    	Black=5      Best:        	White=2     	---        Strong:       	White=2     	---} 1-0

[Event "Czech Open Rapid G1 2024"]
[Site "Pardubice"]
[Date "2024.07.17"]
[Round "1.7"]
[White "Rous, Dominik"]
[Black "Jirka, Jiri"]
[Result "0-1"]
[Annotator "TA"]
[ECO "A06"]
[WhiteElo "1719"]
[BlackElo "2387"]
[PlyCount "96"]
[EventDate "2024.07.16"]
[EventType "swiss"]
[EventCountry "CZE"]
[SourceTitle "playchess.com"]
[Source "ChessBase"]
[SourceQuality "1"]
[TimeControl "1200+10"]

1. Nf3 d5 2. b3 c5 3. e3 Nc6 4. Bb2 Nf6 5. Bb5 g6 6. c4 dxc4 7. Bxc4 Bg7 8. O-O {[%emt 0:00:07] The position is equal.} O-O 9. Nc3 Bg4 10. Be2 Qa5 11. h3 Bf5 12. d3 Rfd8 (12... Nd5 $5 13. Na4 Bxb2 14. Nxb2 Nc3 $15) 13. g4 Be6 {[%emt 0:00:22][%cal Of6g4] Threatening ...Nxg4!} 14. a3 $2 {[%emt 0:00:48] [#]} (14. Qc1 $11) 14... Nd5 (14... Nxg4 $1 $19 15. hxg4 Bxc3 16. Bxc3 Qxc3) 15. Na4 (15. b4 $17 cxb4 16. axb4 Qxb4 17. Nxd5 Bxd5 (17... Rxd5 18. Bxg7 Kxg7 19. Rb1 $11) (17... Qxb2 18. Rb1 $15) 18. Bxg7 Kxg7 19. Rb1) 15... Bxb2 $19 16. Nxb2 Nc3 {[%emt 0:00:10] Repels Na4} 17. Qc2 Nxe2+ 18. Qxe2 Bxb3 19. Rfb1 Rd7 20. Nc4 Bxc4 21. dxc4 Rad8 22. Kg2 b6 23. h4 Qc3 24. Rh1 Ne5 (24... Qf6 $19 25. Rag1 Rd3) 25. Rhc1 $17 Qd3 {[%emt 0:00:07] Black has more active pieces.} 26. Qxd3 Nxd3 27. Rh1 (27. Rcb1 $17 {might work better.}) 27... f6 $19 28. g5 h5 29. gxf6 exf6 30. Rhg1 (30. Ra2 $142) 30... Kf7 31. Kg3 (31. Ra2 $142) 31... Nb2 32. Rgc1 Rd1 33. Rxd1 Nxd1 {[%emt 0:00:01][%mdl 4096] Endgame. KRN-KRN} 34. Nd4 $2 {[%emt 0:00:45] [#]} (34. Rc1) 34... Nxe3 {[%emt 0:00:05] Black is clearly winning.} 35. Nc6 Nf5+ 36. Kh2 Rd7 37. a4 Nd4 38. Nb8 Rb7 39. Na6 Re7 40. a5 Nb3 41. Ra4 Nxa5 {[%emt 0:00:05] White must now prevent ...Re4.} 42. Nxc5 Nc6 43. Nb3 Re4 44. Nd2 Rxh4+ 45. Kg3 Rg4+ 46. Kf3 a5 {[%emt 0:00:06] ...Ne5+ would now be deadly.} 47. Ra1 Ne5+ 48. Ke2 Nxc4 {[%emt 0:00:03] Weighted Error Value: White=0.40/Black=0.17 (very precise) .  Mistake:       	White=6     	Black=2      Inaccurate:     	White=5     	Black=2      OK:         	White=10    	Black=22     Best:        	---       	Black=1} 0-1

[Event "Czech Open Rapid G1 2024"]
[Site "Pardubice"]
[Date "2024.07.17"]
[Round "1.8"]
[White "Johansson, Linus"]
[Black "Setina, Vaclav"]
[Result "1-0"]
[Annotator "RC"]
[ECO "D55"]
[WhiteElo "2451"]
[BlackElo "1984"]
[PlyCount "93"]
[EventDate "2024.07.16"]
[EventType "swiss"]
[EventCountry "CZE"]
[SourceTitle "playchess.com"]
[Source "ChessBase"]
[SourceQuality "1"]
[TimeControl "1200+10"]

1. d4 d5 2. c4 e6 3. Nc3 Nf6 4. Bg5 Be7 5. e3 O-O 6. Rc1 b6 7. Nf3 Bb7 8. Bxf6 Bxf6 9. cxd5 exd5 10. b4 Nd7 11. Bd3 c5 12. bxc5 bxc5 13. Rb1 Bc6 14. O-O c4 15. Bf5 Qa5 16. Qc2 g6 17. Bh3 Rab8 18. g3 Rb6 19. Nd2 Be7 20. e4 Bb4 21. exd5 Bxc3 22. dxc6 Bxd2 23. Bxd7 c3 24. Rxb6 Qxb6 25. Qd3 Qc7 26. Rd1 Qd6 27. Rxd2 cxd2 28. Qxd2 Rb8 29. Qf4 Rb1+ 30. Kg2 Qd5+ 31. Qf3 Qc4 32. h4 Rc1 33. d5 Qf1+ 34. Kh2 Rc2 35. Bh3 Rxf2+ 36. Bg2 Qe1 37. c7 Rc2 38. d6 Qd2 39. Qa8+ Kg7 40. c8=Q Rxc8 41. Qxc8 Qxd6 42. Qc3+ Kg8 43. a4 h5 44. a5 Qe6 45. Qd4 Qa6 46. Qe5 Qd3 47. Qb8+ 1-0

[Event "Czech Open Rapid G1 2024"]
[Site "Pardubice"]
[Date "2024.07.17"]
[Round "1.9"]
[White "Duda, Antonin"]
[Black "Lalic, Bogdan"]
[Result "0-1"]
[Annotator "RC"]
[ECO "B12"]
[WhiteElo "2117"]
[BlackElo "2348"]
[PlyCount "68"]
[EventDate "2024.07.16"]
[EventType "swiss"]
[EventCountry "CZE"]
[SourceTitle "playchess.com"]
[Source "ChessBase"]
[SourceQuality "1"]
[TimeControl "1200+10"]

1. e4 c6 2. d4 d5 3. f3 Qb6 4. Nc3 dxe4 5. Bc4 exf3 6. Nxf3 e6 7. O-O Nf6 8. Kh1 Be7 9. Qe1 O-O 10. Qg3 Nbd7 11. a3 Re8 12. Bd3 Nf8 13. Bh6 Ng6 14. Bg5 Bd7 15. Ne4 Nxe4 16. Bxe4 f5 17. Bd3 c5 18. Be3 Rac8 19. h4 Qc7 20. Qxc7 Rxc7 21. h5 Nf8 22. Bf4 Rcc8 23. Rae1 c4 24. Be2 Bc6 25. Ne5 Bd5 26. a4 Red8 27. Bf3 Bf6 28. b3 cxb3 29. c4 Bxf3 30. Rxf3 Rxd4 31. Bg3 b2 32. Rb3 f4 33. Bf2 Rd2 34. Nd3 Rd8 0-1

[Event "Czech Open Rapid G1 2024"]
[Site "Pardubice"]
[Date "2024.07.17"]
[Round "1.10"]
[White "Rasik, Vitezslav"]
[Black "Karvatskyi, Oleksii"]
[Result "1-0"]
[Annotator "TA"]
[ECO "B30"]
[WhiteElo "2415"]
[BlackElo "1990"]
[PlyCount "85"]
[EventDate "2024.07.16"]
[EventType "swiss"]
[EventCountry "CZE"]
[SourceTitle "playchess.com"]
[Source "ChessBase"]
[SourceQuality "1"]
[TimeControl "1200+10"]

1. e4 c5 2. Nf3 Nc6 3. Bb5 e6 4. O-O Nge7 5. b3 a6 6. Bxc6 Nxc6 7. Bb2 d6 8. d4 cxd4 9. Nxd4 e5 10. Nxc6 bxc6 11. c4 Be7 12. Nc3 {[%emt 0:00:24] White is slightly better.} Be6 13. Qe2 O-O 14. Rfd1 Qc7 15. Rac1 Rad8 16. Rc2 f5 {[%emt 0:00:17] [#]} 17. Nd5 $1 cxd5 18. cxd5 Qb7 19. dxe6 fxe4 20. Rdc1 {[%emt 0:01:53] White is more active.} (20. Ba3 $16) 20... Rc8 {[%emt 0:00:13] [#]} (20... Qd5 $14) 21. Rxc8 $1 $16 Rxc8 22. Rxc8+ Qxc8 23. Qxe4 Qxe6 {[%emt 0:00:52][%mdl 4096] Endgame. KQB-KQB} 24. Qa8+ Kf7 25. Qxa6 d5 26. Qxe6+ Kxe6 {[%emt 0:00:02] KB-KB} 27. Kf1 d4 28. Ke2 {[%emt 0:01:46] aiming for f3.} Kd5 29. f3 {[%emt 0:00:31] Hoping for Kd3.} h5 $2 {[%emt 0:00:07] Loses the game.} (29... e4 $16) 30. Kd3 $18 g5 (30... Bb4 $142 31. Bc1 Be7) 31. Bc1 g4 32. a4 h4 {[%emt 0:02:36] [#] Threatens to win with ...h3.} 33. h3 $1 (33. fxg4 e4+ 34. Kc2 d3+ 35. Kd1 Bc5 $11) (33. Bd2 h3 34. Kc2 hxg2 35. a5 gxf3 (35... g1=R $2 36. fxg4 e4 37. a6 $19) (35... g1=Q 36. a6 gxf3 37. Kb2 Qxh2 38. a7 Qxd2+ 39. Kb1 Qa5 40. Kb2 f2 41. b4 Qxa7 42. b5 Qa3+ 43. Kb1 f1=Q+ 44. Kc2 Qfd3#) 36. Kb2 g1=Q (36... g1=B $2 37. Be1 $19) 37. a6 Qxh2 38. a7 Qxd2+ 39. Kb1 Qa5 40. Kb2 f2 (40... Qxa7 41. Kb1 f2 42. Kb2 Qa3+ 43. Kb1 f1=Q+ 44. Kc2 Qac1#) 41. a8=B+ Qxa8 42. Kb1 f1=Q+ (42... f1=R+ $2 43. Kb2 Qa1+ 44. Kc2 Qc3#) 43. Kb2 Qaa1+ 44. Kc2 Qe2#) 33... g3 34. Bd2 Bf6 35. b4 Be7 36. a5 Bd8 37. b5 {[%emt 0:00:20] Threatening mate with a6.} Bc7 38. b6 Bd6 39. Bg5 (39. a6 $142 Kc6 40. Ba5) 39... Kc5 40. Bxh4 Kb5 41. Bd8 (41. Bxg3 Kxa5 42. b7 Kb6 $18) 41... Bb4 42. h4 (42. b7 $142 Bd6 43. Ke4 Ka6 44. Bh4 Kxb7 45. Bxg3 d3 46. Be1 (46. Bxe5 $2 {is the wrong capture.} d2 $19) (46. Kxd3 e4+ 47. Kxe4 Bxg3 $18) 46... Kc8 47. h4 (47. Kxd3 Kd8 $18)) 42... Bxa5 43. b7 {[%emt 0:00:05] Weighted Error Value: White=0.08 (flawless) /Black=0.99.  Loses game:     	---       	Black=1      Mistake:       	White=1     	Black=2      Inaccurate:     	---       	Black=2      OK:         	White=10    	Black=5      Best:        	White=3     	Black=1      Strong:       	White=1     	---        Brilliant:      	White=1     	---} 1-0